[Event "Team 45 45 League T51"]
[Site "Internet Chess Club"]
[Date "2011.11.18"]
[Round "2"]
[White "sdcohle"]
[Black "Lee-D"]
[Result "0-1"]
[WhiteElo "1361"]
[BlackElo "1335"]
[Opening "QGD"]
[ECO "D52"]
[Time "22:00:47"]
[TimeControl "2700+45"]

1. d4 d5 2. c4 c6 3. Nc3 Nf6 4. Bg5 Nbd7 5. e3 e6 6. Nf3 Bb4 7. Bd3 O-O 8. O-O
Qc7 9. a3 Be7 10. cxd5 cxd5 11. Rc1 Qd8 12. Ne2 Re8 13. Qc2 Nf8 14. Ne5 Bd7 15.
Nxd7 Qxd7 16. a4 a6 17. b3 Rac8 18. Qb2 Rc6 19. Rc3 Rec8 20. Rfc1 Bb4 21. Rxc6
Rxc6 22. Bxf6 gxf6 23. Nf4 Qd6 24. Ne2 Ba3 25. Rxc6 bxc6 26. Qc2 a5 27. Nc3 Bb4
28. Na2 Ng6 29. Be2 e5 30. dxe5 fxe5 31. g3 c5 32. Nxb4 axb4 33. Qd2 d4 34. exd4
exd4 35. Bc4 Ne5 36. Qe2 d3 37. Qd1 Qd4 38. a5 Nxc4 39. bxc4 Qxc4 40. Kf1 b3 41.
Qd2 Qe4 42. f4 Qe2+ 43. Qxe2 dxe2+ 44. Kxe2 b2 45. a6 b1=Q 46. a7 Qa2+ 47. Kf3
Qxa7 48. h4 Qe7 49. g4 Qxh4 50. g5 c4 51. f5 Qxg5 52. f6 c3 53. Ke4 c2 54. Kf3
c1=Q 55. Ke4 Qc4+ 56. Kf3 Qcf4+ 57. Ke2 Qg2+ 58. Kd3 Qgg3+ 59. Ke2 Qff2+ 60. Kd1
Qgg1# {White checkmated} 0-1

[Event "Team 45 45 League T51"]
[Site "Internet Chess Club"]
[Date "2011.11.18"]
[Round "2"]
[White "Berke"]
[Black "spongenotbob"]
[Result "1-0"]
[WhiteElo "1596"]
[BlackElo "1577"]
[Opening "Caro-Kann: Panov-Botvinnik attack"]
[ECO "B13"]
[Time "15:30:05"]
[TimeControl "2700+45"]

1. e4 c6 2. d4 d5 3. exd5 cxd5 4. c4 Nf6 5. Nc3 Nc6 6. Bg5 dxc4 7. d5 Nb4 8.
Qa4+ Qd7 9. Qxb4 Nxd5 10. Qxc4 Nb6 11. Qb3 Qf5 12. Nf3 Be6 13. Bb5+ Bd7 14.
Bxd7+ Qxd7 15. O-O e6 16. Rfd1 Qc7 17. Rac1 Rc8 18. Nb5 Qb8 19. Rxc8+ Nxc8 20.
Rd8# {Black checkmated} 1-0

[Event "Team 45 45 League T51"]
[Site "Internet Chess Club"]
[Date "2011.11.22"]
[Round "2"]
[White "medsurg"]
[Black "otib2006"]
[Result "0-1"]
[WhiteElo "1339"]
[BlackElo "1262"]
[Opening "Queen's pawn: Torre attack"]
[ECO "A46"]
[Time "17:02:11"]
[TimeControl "2700+45"]

1. d4 Nf6 2. Nf3 e6 3. Bg5 Be7 4. c4 O-O 5. Nc3 d5 6. Qc2 dxc4 7. e4 Nfd7 8.
Bxe7 Qxe7 9. Bxc4 a6 10. O-O Nc6 11. a3 b5 12. Bd3 b4 13. Na4 Bb7 14. Rfe1 e5
15. d5 Nd4 16. Nxd4 exd4 17. Qxc7 Rab8 18. Qc4 bxa3 19. Qxd4 axb2 20. Nxb2 Qe5
21. Qxe5 Nxe5 22. Bxa6 Bxa6 23. Rxa6 Rxb2 24. f4 Nd3 25. Rf1 h6 26. d6 Nc5 27.
Rc6 Nxe4 28. d7 Rd2 29. Re1 Nf6 30. Rc7 Rxd7 31. Rc4 Re8 32. Rxe8+ Nxe8 33. Rc8
Kf8 34. Kf2 Rc7 35. Rd8 Ke7 36. Rd2 Nd6 37. Re2+ Kd7 38. Kg3 f5 39. Kf2 Ne4+ 40.
Kf1 Rc1+ 41. Re1 Rxe1+ 42. Kxe1 Kd6 43. Ke2 Kd5 44. Kf3 Nd2+ 45. Ke3 Nc4+ 46.
Kd3 Nd6 47. Ke3 Nb5 48. Kd3 Nd4 49. Ke3 Nc2+ 50. Kd3 Nb4+ 51. Ke3 Kc4 52. g3
Nc2+ 53. Kd2 Nd4 54. Ke3 Kd5 55. h3 g5 56. fxg5 hxg5 57. h4 gxh4 58. gxh4 Ne6
59. h5 Ke5 60. h6 Ng5 61. Kf2 Kf6 62. Kg3 Kg6 63. Kf4 Nh7 64. Ke5 Kg5 {White
resigns} 0-1

[Event "Team 45 45 League T51"]
[Site "Internet Chess Club"]
[Date "2011.11.20"]
[Round "2"]
[White "Elalfer"]
[Black "tworivers"]
[Result "1/2-1/2"]
[WhiteElo "1330"]
[BlackElo "1376"]
[Opening "King's Indian: orthodox, 7...Nbd7"]
[ECO "E94"]
[Time "22:01:45"]
[TimeControl "2700+45"]

1. d4 Nf6 2. c4 g6 3. Nc3 Bg7 4. e4 d6 5. Nf3 O-O 6. Be2 Nbd7 7. O-O e5 8. d5
Nc5 9. Qc2 a5 10. Be3 Ng4 11. Bxc5 dxc5 12. a3 f5 13. Rab1 fxe4 14. Nxe4 Bf5 15.
b4 Nf6 16. Bd3 axb4 17. axb4 Ra3 18. Nxf6+ Qxf6 19. Bxf5 Qxf5 20. Qxf5 Rxf5 21.
bxc5 e4 22. Nd2 e3 23. fxe3 Bh6 24. Rxf5 gxf5 25. Kf1 Bxe3 26. Rb3 Ra1+ 27. Ke2
Bxc5 28. Rxb7 Bd6 29. h3 Ra2 30. Rb3 Bf4 31. Rd3 Rc2 32. Rd4 Bxd2 33. Rxd2 Rxc4
34. Ke3 Re4+ 35. Kf3 Kg7 36. g4 Kf6 37. d6 cxd6 38. Rxd6+ Re6 39. g5+ Ke5 40.
Rxe6+ Kxe6 41. Kf4 h6 42. h4 h5 43. Ke3 Ke5 44. Kf3 f4 45. Kg2 Kf5 46. Kf2 Kg6
47. Ke2 Kf5 48. Kf3 Ke5 49. g6 Kf6 50. g7 Kxg7 51. Kxf4 Kf6 52. Ke4 {Game drawn
by mutual agreement} 1/2-1/2

[Event "Team 45 45 League T51"]
[Site "Internet Chess Club"]
[Date "2011.11.19"]
[Round "2"]
[White "Juan73"]
[Black "OOB1"]
[Result "0-1"]
[WhiteElo "1764"]
[BlackElo "1508"]
[Opening "Sicilian: Taimanov variation"]
[ECO "B45"]
[Time "22:30:54"]
[TimeControl "2700+45"]

1. e4 c5 2. Nf3 Nc6 3. Nc3 e6 4. d4 cxd4 5. Nxd4 Nf6 6. Bg5 Be7 7. Qd2 Nxe4 8.
Nxe4 Nxd4 9. Qxd4 Bxg5 10. Qxg7 Bd2+ 11. Kxd2 Rf8 12. Nf6+ Ke7 13. Nxh7 Qa5+ 14.
Kc1 Qe1# {White checkmated} 0-1

[Event "Team 45 45 League T51"]
[Site "Internet Chess Club"]
[Date "2011.11.21"]
[Round "2"]
[White "Visin"]
[Black "Andressa"]
[Result "0-1"]
[WhiteElo "1311"]
[BlackElo "1465"]
[Opening "King's pawn game"]
[ECO "C50"]
[Time "08:04:25"]
[TimeControl "2700+45"]

1. e4 e5 2. Nf3 Nc6 3. Bc4 h6 4. c3 Nf6 5. d3 d5 6. exd5 Nxd5 7. h3 Be7 8. O-O
O-O 9. Re1 Qd6 10. Nbd2 Bf5 11. Ne4 Bxe4 12. dxe4 Nf6 13. Qxd6 Bxd6 14. Bd5 Rab8
15. b3 Ne7 16. c4 c6 17. Bxc6 Nxc6 18. Bb2 Rfe8 19. Bc3 Bb4 20. Bxb4 Nxb4 21.
Re2 Rbd8 22. a3 Nd3 23. g3 Nc5 24. b4 Nb3 25. Rb1 Nd4 26. Nxd4 Rxd4 27. c5 Nxe4
28. Rc2 Red8 29. Kg2 Rd2 30. Rbb2 Rxc2 31. Rxc2 Rd2 32. Rxd2 Nxd2 {White
resigns} 0-1

[Event "Team 45 45 League T51"]
[Site "Internet Chess Club"]
[Date "2011.11.19"]
[Round "2"]
[White "PANAMA-REY"]
[Black "reverendjim"]
[Result "0-1"]
[WhiteElo "1383"]
[BlackElo "1413"]
[Opening "Caro-Kann: advance variation"]
[ECO "B12"]
[Time "14:07:56"]
[TimeControl "2700+45"]

1. e4 c6 2. d4 d5 3. e5 Bf5 4. Bd3 Bxd3 5. Qxd3 e6 6. Nf3 c5 7. c3 Nc6 8. Be3
Qb6 9. Qd2 cxd4 10. Nxd4 Bc5 11. Nf3 Bxe3 12. fxe3 Qc7 13. O-O Nxe5 14. Na3 a6
15. Rac1 b5 16. Ng5 Nf6 17. Nc2 Nc4 18. Qd4 Nxb2 19. Qh4 Qxc3 20. Ne1 Qxe3+ 21.
Qf2 Qxf2+ 22. Rxf2 Nc4 23. Nd3 O-O 24. Nf3 h6 25. Rfc2 Ne4 26. Nfe5 Rac8 27. Nd7
Rfd8 28. N7e5 Kf8 29. Rf1 Nf6 30. Rfc1 Nd7 31. Nxd7+ Rxd7 32. Ne5 Rdc7 33. Nd3
a5 34. a3 Ke7 35. h3 Kd6 36. Rf2 f6 37. Re1 Nxa3 38. Kh2 Nc2 39. Ree2 Nd4 40.
Ra2 a4 41. Rfd2 Rc2 42. Nb4 Rxd2 43. Rxd2 Rc4 44. Rb2 Nb3 45. Nc2 d4 46. Na3 Rc5
47. Nc2 e5 48. Nb4 Rc4 49. Nd3 Kd5 50. Nf2 b4 51. Re2 Nc1 52. Rd2 a3 53. Ng4 Rc3
54. Rd1 a2 55. Ne3+ Ke6 {White resigns} 0-1

[Event "Team 45 45 League T51"]
[Site "Internet Chess Club"]
[Date "2011.11.19"]
[Round "2"]
[White "katabatico"]
[Black "Docvan"]
[Result "1-0"]
[WhiteElo "1441"]
[BlackElo "1200"]
[Opening "French: advance, Paulsen attack"]
[ECO "C02"]
[Time "14:00:39"]
[TimeControl "2700+45"]

1. e4 e6 2. d4 d5 3. e5 c5 4. c3 Nc6 5. Nf3 Qb6 6. a3 Nh6 7. b4 cxd4 8. cxd4 Nf5
9. Bb2 Be7 10. g4 Nh4 11. Nxh4 Bxh4 12. Bd3 Nxd4 13. Bxd4 Qxd4 14. Bb5+ Bd7 15.
Bxd7+ Kxd7 16. Qxd4 Rhc8 17. Nd2 b6 18. O-O Rc7 19. Rac1 Rb7 20. f4 Be7 21. f5
Rd8 22. fxe6+ fxe6 23. Rf7 Rg8 24. Ne4 h6 25. Nd6 Rbb8 26. Nb5 Rb7 27. Rc7+ Rxc7
28. Nxc7 Rc8 29. Nb5 Rb8 30. Rxg7 Rb7 31. Qf4 Rb8 32. Qxh6 Re8 33. Nxa7 Ra8 34.
Qh7 Re8 35. Qd3 Rb8 36. Qb5+ Kd8 37. Nc6+ {Black resigns} 1-0

[Event "Team 45 45 League T51"]
[Site "Internet Chess Club"]
[Date "2011.11.20"]
[Round "2"]
[White "Pacini"]
[Black "UsuallySleepy"]
[Result "1-0"]
[WhiteElo "2059"]
[BlackElo "1923"]
[Opening "Petrov: Nimzovich attack"]
[ECO "C42"]
[Time "22:01:11"]
[TimeControl "2700+45"]

1. e4 e5 2. Nf3 Nf6 3. Nxe5 d6 4. Nf3 Nxe4 5. Nc3 Nxc3 6. dxc3 Be7 7. Be3 Nc6 8.
Qd2 Be6 9. O-O-O Qd7 10. Kb1 Bf6 11. h4 O-O-O 12. Ng5 Bf5 13. Bb5 h6 14. Bxc6
bxc6 15. Nf3 c5 16. Qd5 c6 17. Qc4 Be6 18. Qf4 Qc7 19. Nd2 Be5 20. Qa4 Rhe8 21.
Rhe1 Qb7 22. Nb3 Bd5 23. g4 Rd7 24. f4 Bf6 25. g5 hxg5 26. fxg5 Re4 27. Qa3 Bd8
28. Bf2 Rde7 29. Rxe4 Rxe4 30. Nd2 Re6 31. c4 Be4 32. Nxe4 Rxe4 33. Rxd6 Bc7 34.
Rd1 Rxc4 35. Qh3+ Kb8 36. Qd7 Re4 37. Qxf7 {Black resigns} 1-0

[Event "Team 45 45 League T51"]
[Site "Internet Chess Club"]
[Date "2011.11.18"]
[Round "2"]
[White "LAgenieMP"]
[Black "smyslovVchess"]
[Result "1-0"]
[WhiteElo "1873"]
[BlackElo "1812"]
[Opening "Ruy Lopez: open, classical defense"]
[ECO "C83"]
[Time "18:00:02"]
[TimeControl "2700+45"]

1. e4 e5 2. Nf3 Nc6 3. Bb5 a6 4. Ba4 Nf6 5. O-O Nxe4 6. d4 b5 7. Bb3 d5 8. dxe5
Be6 9. c3 Be7 10. Nbd2 Nc5 11. Re1 d4 12. Bxe6 Nxe6 13. cxd4 Ncxd4 14. Nxd4 Nxd4
15. Nf3 c5 16. b4 Nxf3+ 17. Qxf3 c4 18. Qc6+ Kf8 19. Be3 Qc8 20. Qf3 Bxb4 21. e6
f6 22. Red1 Be7 23. Rd7 Rb8 24. Rad1 Qe8 25. Qd5 g5 26. Rxe7 {Black resigns} 1-0

[Event "Team 45 45 League T51"]
[Site "Internet Chess Club"]
[Date "2011.11.21"]
[Round "2"]
[White "vigneshv"]
[Black "Kingofknights"]
[Result "0-1"]
[WhiteElo "1583"]
[BlackElo "1780"]
[Opening "QGD Slav defense"]
[ECO "D10"]
[Time "19:03:18"]
[TimeControl "2700+45"]

1. d4 d5 2. c4 c6 3. e3 Nf6 4. Nc3 Bf5 5. Nf3 e6 6. Be2 Be7 7. O-O h6 8. Re1
Nbd7 9. Bd2 dxc4 10. Bxc4 b5 11. Bb3 O-O 12. e4 Bg4 13. e5 Nd5 14. Nxd5 cxd5 15.
h3 Bf5 16. Rc1 Qb6 17. Be3 Rfc8 18. Qd2 Qd8 19. Rxc8 Rxc8 20. Rc1 Nb6 21. Rxc8
Qxc8 22. Qc1 Qxc1+ 23. Bxc1 Nc4 24. Bxc4 dxc4 25. Bd2 Be4 26. Ne1 b4 27. Kf1 a5
28. a3 Kf8 29. axb4 axb4 30. Ke2 Ke8 31. f3 Bb1 32. Kd1 b3 33. Kc1 Bh7 34. Bc3
Kd7 35. Kd2 Kc6 36. Ke3 Bh4 37. g4 Kd5 38. Ng2 Bd8 39. Nf4+ Kc6 40. Ng2 g5 41.
h4 gxh4 42. Kf2 Bg5 43. Kg1 Bd3 44. f4 Bd8 45. Kh2 Kd5 46. Kh3 Bf1 47. Kh2 Ke4
48. f5 Bg5 49. f6 h3 50. Ne1 Bf4+ 51. Kh1 Be2 52. Bb4 Kxd4 53. Ba5 {White
resigns} 0-1

[Event "Team 45 45 League T51"]
[Site "Internet Chess Club"]
[Date "2011.11.17"]
[Round "2"]
[White "cityprosecutor"]
[Black "kwameh72"]
[Result "1-0"]
[WhiteElo "1709"]
[BlackElo "1654"]
[Opening "KP: Nimzovich defense"]
[ECO "B00"]
[Time "22:02:45"]
[TimeControl "2700+45"]

1. e4 Nc6 2. d3 e5 3. g3 Bc5 4. Nf3 d6 5. Bg2 Nge7 6. O-O O-O 7. Nbd2 f5 8. c3
f4 9. a4 a5 10. Nb3 Bb6 11. d4 Bg4 12. d5 Nb8 13. Nbd2 Nd7 14. Kh1 fxg3 15. fxg3
Nf6 16. Qc2 Qd7 17. Nc4 Bc5 18. Be3 Nxe4 19. Qxe4 Bf5 20. Qh4 Ng6 21. Qh5 Bg4
22. Qg5 {Black resigns} 1-0

[Event "Team 45 45 League T51"]
[Site "Internet Chess Club"]
[Date "2011.11.19"]
[Round "2"]
[White "Sir-Sinister"]
[Black "jjmolina"]
[Result "0-1"]
[WhiteElo "1845"]
[BlackElo "1811"]
[Opening "two knights: Max Lange attack, Steinitz variation"]
[ECO "C55"]
[Time "13:03:42"]
[TimeControl "2700+45"]

1. e4 e5 2. Nf3 Nc6 3. d4 exd4 4. Bc4 Nf6 5. e5 Ng4 6. O-O Bc5 7. h3 Ngxe5 8.
Nxe5 Nxe5 9. Re1 d6 10. f4 d3+ 11. Kh2 Bf2 12. Bxd3 Qh4 13. Rxe5+ dxe5 14. Qf3
O-O 15. fxe5 Bd4 16. Qe2 Re8 17. c3 Bxe5+ {White resigns} 0-1

[Event "Team 45 45 League T51"]
[Site "Internet Chess Club"]
[Date "2011.11.17"]
[Round "2"]
[White "Reeza"]
[Black "gwolff"]
[Result "0-1"]
[WhiteElo "1823"]
[BlackElo "1831"]
[Opening "French: Albin-Alekhine-Châtard attack, Breyer variation"]
[ECO "C13"]
[Time "14:02:20"]
[TimeControl "2700+45"]

1. e4 e6 2. d4 d5 3. Nc3 Nf6 4. Bg5 Be7 5. e5 Nfd7 6. h4 c5 7. Nb5 O-O 8. Qd2 f6
9. exf6 Nxf6 10. Nf3 Ne4 11. Bxe7 Qxe7 12. Qe3 cxd4 13. Nbxd4 Qb4+ 14. c3 Qxb2
15. Nb3 Qxc3+ 16. Qxc3 Nxc3 17. Nbd4 Nc6 18. Nxc6 bxc6 19. Bd3 Bd7 20. Kd2 Na4
21. Ne5 Be8 22. f3 c5 23. Rab1 Nb6 24. Rhc1 c4 25. Bc2 Rc8 26. Ke3 Rc5 27. Rb4
Ra5 28. Bb1 Ra3+ 29. Kd2 Rf4 30. g3 c3+ 31. Rxc3 Rxb4 32. Rxa3 Rxb1 33. Rxa7
Nc4+ 34. Nxc4 dxc4 35. Rc7 Rb2+ 36. Ke3 Bb5 37. a4 Ba6 38. Rc6 Rb3+ 39. Kd4 Bb7
40. Rxc4 Rxf3 41. Rb4 Bd5 42. g4 Rf4+ 43. Kc5 Rxb4 44. Kxb4 e5 45. Kc5 Ba8 46.
a5 e4 47. Kd4 Kf7 48. Ke3 Ke7 49. h5 g5 50. hxg6 hxg6 51. Kd4 Kd6 52. g5 Bb7 53.
a6 Bc6 54. Ke3 Ke5 55. a7 Ba8 {White resigns} 0-1

[Event "Team 45 45 League T51"]
[Site "Internet Chess Club"]
[Date "2011.11.17"]
[Round "2"]
[White "Heian"]
[Black "AntonioMendonca"]
[Result "1-0"]
[WhiteElo "1774"]
[BlackElo "1527"]
[Opening "French: advance, Euwe variation"]
[ECO "C02"]
[Time "16:01:23"]
[TimeControl "2700+45"]

1. e4 e6 2. d4 d5 3. e5 c5 4. c3 Nc6 5. Nf3 Bd7 6. Bd3 cxd4 7. cxd4 Qb6 8. O-O
Nxd4 9. Nxd4 Qxd4 10. Nc3 Qxe5 11. Re1 Qd6 12. Qf3 Nf6 13. Bf4 Qc5 14. Rac1 Qa5
15. a3 Be7 16. b4 Qxa3 17. Nb5 Bxb5 18. Bxb5+ Nd7 19. Bxd7+ Kxd7 20. Qxa3 {Black
resigns} 1-0

[Event "Team 45 45 League T51"]
[Site "Internet Chess Club"]
[Date "2011.11.19"]
[Round "2"]
[White "Chatica"]
[Black "HiddenDeath"]
[Result "1-0"]
[WhiteElo "2229"]
[BlackElo "1979"]
[Opening "Queen's bishop game"]
[ECO "D02"]
[Time "22:02:13"]
[TimeControl "2700+45"]

1. d4 d5 2. Nf3 Nf6 3. Bf4 e6 4. e3 Bd6 5. Bg3 O-O 6. Bd3 b6 7. Nbd2 Bb7 8. Bxd6
cxd6 9. O-O Re8 10. c3 e5 11. Bf5 e4 12. Ng5 Bc8 13. Bxc8 Qxc8 14. f3 h6 15. Nh3
exf3 16. Qxf3 Qg4 17. Nf4 Qxf3 18. Rxf3 Na6 19. Raf1 Nc7 20. Ne2 Re7 21. Ng3 Ne4
22. Nf5 Re6 23. Nxe4 dxe4 24. Rg3 g5 25. h4 Nd5 26. hxg5 hxg5 27. Rxg5+ Rg6 28.
Rxg6+ fxg6 29. Nxd6 Nxe3 30. Re1 Nf5 31. Nxe4 Rc8 32. d5 b5 33. g4 Nh6 34. g5
Nf5 35. d6 Rd8 36. Nf6+ Kf7 37. d7 Nd6 38. b3 a6 39. Kf2 Nb7 40. Re5 Na5 41. Rc5
Ke7 42. Rc7 Kd6 43. Ra7 Nc6 44. Rxa6 Kc7 45. a4 bxa4 46. Rxa4 Ne5 47. Ke3 Rb8
48. Ke4 Nc6 49. b4 Rb5 50. c4 Re5+ 51. Kd3 Rxg5 52. b5 Rg3+ 53. Ke4 Nb8 {Black
resigns} 1-0

[Event "Team 45 45 League T51"]
[Site "Internet Chess Club"]
[Date "2011.11.19"]
[Round "2"]
[White "alexping"]
[Black "Pacini"]
[Result "0-1"]
[WhiteElo "1916"]
[BlackElo "2048"]
[Opening "Benkö gambit accepted"]
[ECO "A58"]
[Time "12:07:26"]
[TimeControl "2700+45"]

1. d4 Nf6 2. c4 c5 3. d5 b5 4. cxb5 a6 5. bxa6 Bxa6 6. g3 g6 7. Bg2 d6 8. Nf3
Bg7 9. O-O Nbd7 10. Nc3 O-O 11. Rb1 Nb6 12. Re1 Bc4 13. b3 Nfxd5 14. Nxd5 Bxd5
15. e4 Be6 16. Qc2 Qd7 17. Ng5 Rfc8 18. Be3 h6 19. Nxe6 Qxe6 20. e5 d5 21. Bxc5
Nd7 22. b4 Nxc5 23. bxc5 Ra5 24. Rbc1 Qc6 25. Qd2 Rxc5 26. Bxd5 Qc7 27. Rxc5
Qxc5 28. Bb3 e6 29. Qd6 Qa5 30. Re3 Rc1+ 31. Kg2 Qb5 32. h4 Qf1+ 33. Kf3 Bf8 34.
Qd8 Qh1+ 35. Kf4 Qg2 36. Rf3 Qh3 37. Qf6 Bg7 38. Qd8+ Kh7 39. Qd3 h5 40. Ke3
Bh6+ 41. Kd4 Rc7 42. Qe4 Qf1 43. Rf6 Qa1+ 44. Kd3 Qb1+ {White resigns} 0-1

[Event "Team 45 45 League T51"]
[Site "Internet Chess Club"]
[Date "2011.11.20"]
[Round "2"]
[White "gerailen0075"]
[Black "kabindra"]
[Result "1/2-1/2"]
[WhiteElo "1852"]
[BlackElo "1877"]
[Opening "Scotch gambit: Dubois-Réti defense"]
[ECO "C55"]
[Time "11:11:19"]
[TimeControl "2700+45"]

1. e4 e5 2. Nf3 Nc6 3. d4 exd4 4. Bc4 Nf6 5. e5 d5 6. Bb5 Ne4 7. Nxd4 Bc5 8. Be3
O-O 9. Nxc6 bxc6 10. Bxc5 Nxc5 11. Bxc6 Rb8 12. Qxd5 Qe7 13. O-O Rxb2 14. Nc3
Rxc2 15. Qd4 Be6 16. Qb4 Bf5 17. Ba4 Rd2 18. Ne4 Rd5 19. Nxc5 Qxc5 20. Qxc5 Rxc5
21. Rac1 Rxe5 22. Rxc7 Ra5 23. Bb3 Be6 24. Rfc1 h6 25. h4 Bxb3 26. axb3 Rb5 27.
Rxa7 Rxb3 28. Rcc7 Rb4 29. g3 Rg4 30. Kg2 f5 31. h5 f4 32. Kf3 Rg5 33. g4 Kh7
{Game drawn by mutual agreement} 1/2-1/2

[Event "Team 45 45 League T51"]
[Site "Internet Chess Club"]
[Date "2011.11.20"]
[Round "2"]
[White "Ptzz"]
[Black "jorobo"]
[Result "1/2-1/2"]
[WhiteElo "2065"]
[BlackElo "1951"]
[Opening "QGD: exchange, positional line, 5...c6"]
[ECO "D35"]
[Time "14:16:36"]
[TimeControl "2700+45"]

1. d4 d5 2. c4 e6 3. Nc3 Nf6 4. cxd5 exd5 5. Bg5 c6 6. e3 Bf5 7. Qf3 Bg6 8. Bxf6
Qxf6 9. Qxf6 gxf6 10. h4 Nd7 11. Kd2 Nb6 12. b3 Ba3 13. Bd3 a5 14. Rb1 Bb4 15.
Ne2 Nc8 16. h5 Bxd3 17. Kxd3 Rg8 18. g3 Nd6 19. f3 f5 20. Rhg1 Ke7 21. Rbc1 Bxc3
22. Rxc3 Rg5 23. Rh1 h6 24. Rh3 Kd7 25. Kd2 Rag8 26. Ke1 Ne8 27. Kf2 Nf6 28. Nf4
Kd6 29. Rc1 b6 30. a3 Nd7 31. Ra1 Ra8 32. Rhh1 Rag8 33. Rh3 Ra8 34. Rhh1 Rag8
35. Rh3 {Game drawn by repetition} 1/2-1/2

[Event "Team 45 45 League T51"]
[Site "Internet Chess Club"]
[Date "2011.11.21"]
[Round "2"]
[White "livis"]
[Black "Jack-ONeill"]
[Result "1/2-1/2"]
[WhiteElo "2016"]
[BlackElo "2040"]
[Opening "Sicilian: Grand Prix attack"]
[ECO "B21"]
[Time "14:04:46"]
[TimeControl "2700+45"]

1. e4 c5 2. f4 d5 3. e5 Nc6 4. Nf3 Bg4 5. Be2 e6 6. d3 Nh6 7. O-O Nf5 8. c3 Be7
9. Na3 h5 10. Nc2 d4 11. h3 Ng3 12. Re1 Bf5 13. cxd4 cxd4 14. Kh2 h4 15. a3 a5
16. Nd2 O-O 17. Nf1 a4 18. Bd2 Qb6 19. Nxg3 hxg3+ 20. Kxg3 Qb5 21. Bb4 Bxb4 22.
axb4 Rfd8 23. Qd2 Ra6 24. Kh2 Rb6 25. Red1 Nxb4 26. Na3 Qa6 27. Nc4 Rb5 28. Nd6
Rb6 29. Nxf5 exf5 30. Rdc1 Nc6 31. Rc4 Qb5 32. Ra2 Ra6 33. Bd1 Rda8 34. Qe1 a3
35. b4 Re8 36. Bb3 b6 37. Qb1 Raa8 38. Kh1 Kf8 39. Bc2 Qd5 40. Bd1 Nxe5 41. fxe5
Qxe5 42. Bf3 Qg3 43. Rc1 Ra7 44. Re2 Rxe2 45. Bxe2 a2 46. Qa1 Qe3 47. Rc2 Qe6
48. Bf1 Kg8 49. Re2 Qb3 50. Re8+ Kh7 51. Re1 Qc3 52. Rd1 Qc2 53. Re1 Qc3 54. Rd1
Qc2 55. Re1 Qc3 {Game drawn by repetition} 1/2-1/2

[Event "Team 45 45 League T51"]
[Site "Internet Chess Club"]
[Date "2011.11.20"]
[Round "2"]
[White "Despair"]
[Black "AreYouSerious"]
[Result "1-0"]
[WhiteElo "2005"]
[BlackElo "1985"]
[Opening "KP: Nimzovich defense"]
[ECO "B00"]
[Time "22:49:35"]
[TimeControl "2700+45"]

1. e4 Nc6 2. d4 d5 3. e5 Bf5 4. Nf3 e6 5. Be2 Qe7 6. O-O O-O-O 7. a4 Qd7 8. a5
a6 9. c3 Bxb1 10. Rxb1 Nxa5 11. b4 Nc4 12. Bxc4 dxc4 13. Qe2 Qb5 14. Nd2 Nh6 15.
Qxc4 Qxc4 16. Nxc4 Nf5 17. b5 axb5 18. Rxb5 Rd5 19. Rxd5 exd5 20. Ne3 Ne7 21.
Bb2 Kd7 22. Ra1 Kc6 23. Ra8 Ng6 24. Rd8 Nf4 25. g3 Nd3 26. Ba3 Bxa3 27. Rxh8 h6
28. Rh7 Bb2 29. Nd1 Kd7 30. Rxg7 Ke6 31. Rh7 Nxf2 {Black resigns} 1-0

[Event "Team 45 45 League T51"]
[Site "Internet Chess Club"]
[Date "2011.11.19"]
[Round "2"]
[White "Tamarin"]
[Black "ivanson"]
[Result "0-1"]
[WhiteElo "1787"]
[BlackElo "1814"]
[Opening "King's Indian: orthodox variation"]
[ECO "E94"]
[Time "19:30:42"]
[TimeControl "2700+45"]

1. d4 Nf6 2. c4 g6 3. Nc3 Bg7 4. e4 d6 5. Nf3 O-O 6. Be2 e5 7. O-O Na6 8. Be3
Ng4 9. Rc1 Nxe3 10. fxe3 c5 11. d5 Bh6 12. Qd2 Nc7 13. Rcd1 Qe7 14. a3 Bd7 15.
b4 b6 16. Rf2 f5 17. Rdf1 f4 18. exf4 Bxf4 19. Qd3 Rf7 20. Nxe5 Bxh2+ 21. Kxh2
Qxe5+ 22. Qg3 Qxg3+ 23. Kxg3 Raf8 24. Rxf7 Rxf7 25. Rxf7 Kxf7 26. Na2 Kf6 27.
Nc1 Ke5 28. Nd3+ Kxe4 29. Nf4 Ne8 30. Bg4 Bf5 31. Ne6 Nf6 32. Bxf5+ Kxf5 33. Nc7
Ne4+ 34. Kh3 Nd2 35. Nb5 Nxc4 36. Nxa7 Nxa3 37. bxc5 bxc5 38. Nc8 Nb5 39. Nb6
Ke5 40. Kg4 h6 41. Kf3 Nc3 42. g4 Nxd5 43. Nd7+ Ke6 44. Nf8+ Kf7 45. Ke4 Kxf8
46. Kxd5 Kf7 {White resigns} 0-1

[Event "Team 45 45 League T51"]
[Site "Internet Chess Club"]
[Date "2011.11.19"]
[Round "2"]
[White "BotanicalKnight"]
[Black "rookmaster23"]
[Result "0-1"]
[WhiteElo "1549"]
[BlackElo "1534"]
[Opening "Nimzovich-Larsen attack: Indian variation"]
[ECO "A01"]
[Time "20:02:54"]
[TimeControl "2700+45"]

1. b3 Nf6 2. Bb2 e6 3. e3 d5 4. Nf3 Be7 5. Nc3 O-O 6. Be2 c5 7. Ne5 Nbd7 8. Nxd7
Bxd7 9. f4 Rc8 10. O-O Qc7 11. Rc1 Rfd8 12. Qe1 Bc6 13. g4 d4 14. Nd1 dxe3 15.
dxe3 Ne4 16. Bd3 Bf6 17. Bxf6 Nxf6 18. g5 Ne4 19. Nf2 Nxf2 20. Qxf2 Qd7 21. h4
Qd5 22. Qh2 b5 23. e4 Qd4+ 24. Qf2 Qxf2+ 25. Rxf2 c4 26. Bf1 Bxe4 27. bxc4 bxc4
28. c3 Bd3 29. Bh3 Rd6 30. Kh2 Rcd8 31. Re1 g6 32. Bg4 Bf5 33. Bxf5 gxf5 34. Re3
Rd3 35. Rff3 Rxe3 36. Rxe3 Rd3 37. Re5 Rxc3 38. h5 Rc2+ 39. Kg3 Rxa2 40. g6 c3
41. gxh7+ Kxh7 {White resigns} 0-1

[Event "Team 45 45 League T51"]
[Site "Internet Chess Club"]
[Date "2011.11.20"]
[Round "2"]
[White "sdcohle"]
[Black "The-Capitalist"]
[Result "0-1"]
[WhiteElo "1346"]
[BlackElo "1403"]
[Opening "QGD"]
[ECO "E10"]
[Time "21:03:07"]
[TimeControl "2700+45"]

1. d4 Nf6 2. c4 e6 3. Nf3 d5 4. Bg5 Be7 5. e3 Nbd7 6. Bd3 h6 7. Bxf6 Nxf6 8. Nc3
dxc4 9. Bxc4 a6 10. a4 O-O 11. O-O c5 12. d5 exd5 13. Nxd5 Nxd5 14. Bxd5 Rb8 15.
Qb3 Qc7 16. Rac1 Bd6 17. e4 Bf4 18. Rcd1 b5 19. axb5 Rxb5 20. Qc2 Qb8 21. b3 Bb7
22. g3 Bc7 23. Bc4 Rb6 24. Rfe1 Rf6 25. Qc3 Rd8 26. Rxd8+ Qxd8 27. Qc2 Rxf3 28.
Qe2 Qf6 29. Kg2 Rc3 30. f3 a5 31. Rd1 Qe5 32. Qd2 Bc8 33. f4 Qxe4+ 34. Kg1 Bb7
35. Bd5 Bxd5 36. Qxd5 Qxd5 37. Rxd5 Rxb3 38. Rxc5 Bb6 39. Kg2 Bxc5 40. Kh3 f5
41. Kh4 Be7+ 42. Kh3 a4 43. Kg2 a3 44. h3 a2 45. g4 a1=Q 46. gxf5 Qa2+ 47. Kf1
Rb1# {White checkmated} 0-1

[Event "Team 45 45 League T51"]
[Site "Internet Chess Club"]
[Date "2011.11.19"]
[Round "2"]
[White "PostMike"]
[Black "Toalla"]
[Result "1/2-1/2"]
[WhiteElo "1407"]
[BlackElo "1270"]
[Opening "Sicilian: Taimanov variation"]
[ECO "B46"]
[Time "14:03:47"]
[TimeControl "2700+45"]

1. e4 c5 2. Nf3 Nc6 3. d4 cxd4 4. Nxd4 a6 5. Nc3 e6 6. Be2 Bc5 7. Nb3 Ba7 8. O-O
Nf6 9. Qd6 Bb8 10. Qd1 Ba7 11. Bg5 h6 12. Bh4 O-O 13. Qd6 Bb8 14. Qd2 Re8 15.
Rad1 Ne5 16. f4 Ng6 17. Bg3 b5 18. e5 b4 19. Na4 Nd5 20. c4 bxc3 21. Nxc3 Ba7+
22. Nd4 Bb7 23. Nxd5 Bxd5 24. b3 Rc8 25. Kh1 Nh4 26. Bxh4 Qxh4 27. Bxa6 Ra8 28.
Nb5 Bb6 29. Nd6 Red8 30. Bb7 Bxb7 31. Nxb7 Rdc8 32. Nd6 Rc7 33. a4 Bc5 34. Nb5
Rb7 35. Qc2 Qe7 36. Nd6 Rc7 37. Qb2 Rc6 38. Nc4 d5 39. exd6 Bxd6 40. Rxd6 Rxd6
41. Nxd6 Qxd6 42. Qc1 Rd8 43. Qe1 Qd4 44. Qb1 Qd5 45. h3 Qa5 46. Rf3 Rd2 47. Qc1
Qd8 48. Qc3 Re2 49. Rd3 Qe7 50. a5 g5 51. Rg3 Qa7 52. fxg5 h5 53. h4 Qb7 54. b4
Re4 55. Rh3 Rxb4 56. Kh2 Rb2 57. Rg3 Rb4 58. Rh3 Rb2 {Game drawn by mutual
agreement} 1/2-1/2